 Dungeon Crawl Stone Soup version 0.20.1-1-g8b1a95d (webtiles) character file.

13055 panurg the Cruncher (level 11, -3/100 HPs)
             Began as a Minotaur Gladiator on Aug 10, 2017.
             Was a High Priest of Okawaru.
             Killed by divine providence
             ... invoked by a smoke demon
              (13 damage)
             ... on level 1 of the Abyss.
             The game lasted 01:25:10 (14909 turns).

panurg the Cruncher (Minotaur Gladiator)           Turns: 14909, Time: 01:25:18

Health: -3/100     AC: 15    Str: 21      XL:     11   Next: 70%
Magic:  14/14      EV:  6    Int:  3 (5)  God:    Okawaru [*****.]
Gold:   753        SH:  8    Dex: 13      Spells: 6/10 levels left

rFire    . . .     SeeInvis .   t - staff of earth
rCold    . . .     Gourm    .   p - +0 shield {AC+3}
rNeg     . . .     Faith    .   B - +0 plate armour
rPois    .         Spirit   .   c - +0 hat
rElec    .         Reflect  .   T - scarf {cloud immunity}
rCorr    +         Harm     .   P - +2 pair of gloves
MR       .....     Rnd*Tele +   m - +0 pair of boots
Stlth    ..........             (no amulet)
Regen    0.3/turn               n - ring of loudness (curse)
MPRegen  0.2/turn               b - ring of resist corrosion

@: drained
A: retaliatory headbutt, horns 2, blink, deformed body, teleportitis 2
a: Blink, Heroism, Finesse, Renounce Religion


You were on level 1 of the Abyss.
You worshipped Okawaru.
Okawaru was extremely pleased with you.
You were not hungry.

You visited 4 branches of the dungeon, and saw 14 of its levels.
You visited the Abyss 1 time.

You collected 843 gold pieces.
You spent 90 gold pieces at shops.

Inventory:

Hand Weapons
 a - a +1 quarterstaff
Armour
 c - a +0 hat (worn)
 m - a +0 pair of boots (worn)
 o - the +1 leather armour of Suoss {+Fly rElec rCorr Str-2 Stlth+}
   (You found it on level 1 of the Lair of Beasts)

   It affects your strength (-2).
   It insulates you from electricity.
   It lets you fly.
   It protects you from acid and corrosion.
   It makes you more stealthy.
 p - a +0 shield of protection (worn)
 B - a +0 plate armour (worn)
 P - a +2 pair of gloves (worn)
 T - a scarf of cloud immunity (worn)
Magical Staves
 t - an uncursed staff of earth (weapon)
Jewellery
 b - a ring of resist corrosion (right hand)
 e - a cursed -2 ring of intelligence
 n - a cursed ring of loudness (left hand)
Wands
 q - a wand of polymorph (13/24)
 I - a wand of acid (7/15)
 K - a wand of confusion (21/48)
 M - a wand of flame (3/48)
 U - a wand of lightning (7/15)
 X - a wand of paralysis (14/24)
Scrolls
 g - 2 scrolls of fog
 h - a scroll of summoning {unknown}
 j - a scroll of brand weapon {unknown}
 k - 3 scrolls of remove curse
 l - 7 scrolls of teleportation
 u - 3 scrolls of blinking {unknown}
 z - 4 scrolls of immolation {unknown}
 Q - a scroll of fear
Potions
 d - a potion of flight
 C - 3 potions of agility
 J - a potion of ambrosia
 N - a potion of cancellation
Miscellaneous
 V - a sack of spiders
Comestibles
 f - 11 bread rations
 i - 7 meat rations
 s - 6 royal jellies


   Skills:
 + Level 10.2(10.1) Fighting
 - Level 12.0(11.8) Staves
 - Level 2.0(1.8) Throwing
 + Level 6.5(6.4) Armour
 + Level 6.9(6.8) Dodging
 + Level 1.4(1.3) Shields
 * Level 6.0(5.9) Earth Magic
 + Level 4.8(4.6) Invocations
 * Level 6.5(6.4) Evocations


You had 6 spell levels left.
You knew the following spells:

 Your Spells              Type           Power        Failure   Level  Hunger
a - Petrify               Tmut/Erth      #.......     100%        4    #####..


Dungeon Overview and Level Annotations

Branches:
Dungeon (11/15)            Temple (1/1) D:4            Lair (1/6) D:9
    Orc (1/2) D:9

Altars:
Cheibriados
Dithmenos
Elyvilon
Fedhas
Gozag
Kikubaaqudgha
Makhleb
Nemelex Xobeh
Okawaru
Ru
Trog
Uskayaw
Vehumet
Xom
Yredelemnul
Zin
The Shining One

Shops:
D:9 }   D:10 [   D:11 ?

Annotations:
D:11 Snorg
Lair:1 Sonja


Innate Abilities, Weirdness & Mutations

You reflexively headbutt those who attack you in melee.
You have a pair of horns on your head.
You can translocate small distances at will.
Armour fits poorly on your strangely shaped body.
You are sometimes teleported next to monsters.


Message History

The smoke demon gestures at you. Something smites you!
* * * LOW HITPOINT WARNING * * *
A thrashing horror comes into view.
You block the fire bat's attack. You block the fire bat's attack.
The large abomination hits you!
* * * LOW HITPOINT WARNING * * *
A small abomination comes into view.
The fire bat barely misses you.
The fire bat bites you but does no damage.
You block the small abomination's attack.
You block the fire bat's attack.
You feel better. The fire bat bites you.
* * * LOW HITPOINT WARNING * * *
You are engulfed in flames!
* * * LOW HITPOINT WARNING * * *
You block the fire bat's attack. The smoke demon gestures at you.
Something smites you!
You die...

# . . . .## ##.#.
.... #.#.# ...#
x..# . .....#
..### ... ......
##.#.##..#
....#.##b.#@....#
.......#.#b#...##
.# #.X#x#####.# .
.#.#...#...# #
#......3....###
..........###..# #
..#....#.....# ##
# . ..
......#3####.##...
......##..#.#.....
##


You could see a smoke demon, a small abomination and a fire bat.

Vanquished Creatures
  5 two-headed ogres
  An unseen horror (D:10)
  Pikel (D:7)
  The ghost of vlindergert the Cleaver, a novice HOFi (D:5)
  A spiny frog (Lair:1)
  2 komodo dragons (Lair:1)
  2 hippogriffs (Lair:1)
  5 blink frogs (Lair:1)
  A spriggan (D:8)
  A chaos spawn (Abyss:1)
  4 yaks (D:9)
  2 hungry ghosts (D:8)
  A neqoxec (Abyss:1)
  6 water moccasins
  A porcupine (Lair:1)
  Duvessa (D:5)
  5 orc warriors
  2 ice beasts
  A phantom (D:10)
  2 sky beasts
  4 ogres
  5 centaurs
  2 crocodiles (Lair:1)
  3 bullfrogs
  A big kobold (D:9)
  A small abomination (Abyss:1)
  A gnoll sergeant (D:8)
  2 scorpions (D:9)
  Dowan (D:5)
  8 wights
  5 howler monkeys
  10 crimson imps
  4 hounds
  A quasit (D:7)
  3 orc wizards
  3 bullfrog skeletons
  7 orc priests
  2 jellies
  3 centaur skeletons (D:11)
  Jessica (D:2)
  5 iguanas
  7 worker ants
  2 hound skeletons
  8 gnolls
  9 adders
  A shadow imp (D:5)
  An ooze (D:4)
  An adder skeleton (D:4)
  5 worms (D:2)
  A dart slug (D:2)
  6 leopard geckos
  26 orcs
  2 giant cockroaches
  10 goblins
  10 hobgoblins
  16 jackals
  4 quokkas
  3 ball pythons
  2 bats (D:1)
  6 frilled lizards
  14 kobolds
  A leopard gecko zombie (D:5)
  A quokka zombie (D:5)
  6 rats
259 creatures vanquished.

Vanquished Creatures (others)
  A slave (D:7)
  A centaur (D:7)
  A howler monkey (D:7)
  A giant cockroach (D:7)
  A leopard gecko skeleton (D:7)
5 creatures vanquished.

Grand Total: 264 creatures vanquished

Notes
Turn   | Place    | Note
-------+----------+-------------------------------------------
     0 | D:1      | panurg the Minotaur Gladiator began the quest for the Orb.
     0 | D:1      | Reached XP level 1. HP: 18/18 MP: 0/0
   192 | D:1      | Reached skill level 4 in Staves
   208 | D:1      | Reached XP level 2. HP: 23/25 MP: 1/1
   900 | D:2      | Reached XP level 3. HP: 27/30 MP: 2/2
   992 | D:2      | Reached skill level 5 in Staves
  1212 | D:2      | Noticed Jessica
  1229 | D:2      | Killed Jessica
  1229 | D:2      | Reached XP level 4. HP: 36/38 MP: 3/3
  1871 | D:3      | Noticed a centaur
  1879 | D:3      | Killed a centaur
  1879 | D:3      | Reached skill level 6 in Staves
  1879 | D:3      | Reached XP level 5. HP: 28/46 MP: 4/4
  3039 | D:4      | Reached skill level 7 in Staves
  3177 | D:4      | Reached XP level 6. HP: 49/53 MP: 5/5
  3228 | D:4      | Found an ancient bone altar of Kikubaaqudgha.
  3228 | D:4      | Found a radiant altar of Vehumet.
  3684 | D:4      | Learned a level 4 spell: Petrify
  3821 | D:4      | Found a staircase to the Ecumenical Temple.
  3827 | Temple   | Entered the Ecumenical Temple
  3934 | Temple   | Became a worshipper of Warmaster Okawaru
  4236 | D:5      | Entered Level 5 of the Dungeon
  4248 | D:5      | Noticed an ice beast
  4264 | D:5      | Killed an ice beast
  4264 | D:5      | Reached skill level 5 in Fighting
  4264 | D:5      | Reached skill level 8 in Staves
  4505 | D:5      | Reached XP level 7. HP: 53/61 MP: 6/6
  4604 | D:5      | Reached * piety under Okawaru
  4671 | D:5      | Noticed Dowan
  4690 | D:5      | Reached skill level 9 in Staves
  4718 | D:5      | Killed Dowan
  4747 | D:5      | Noticed Duvessa
  4939 | D:5      | Noticed vlindergert's ghost (novice HOFi)
  5285 | D:5      | Found a hide-covered altar of Uskayaw.
  5375 | D:5      | Killed Duvessa
  5375 | D:5      | Reached ** piety under Okawaru
  5375 | D:5      | Reached skill level 10 in Staves
  5375 | D:5      | Reached XP level 8. HP: 45/71 MP: 7/7
  5516 | D:5      | Killed vlindergert's ghost
  6072 | D:5      | Reached skill level 11 in Staves
  7360 | D:7      | Reached *** piety under Okawaru
  7369 | D:7      | Reached skill level 12 in Staves
  7369 | D:7      | Reached XP level 9. HP: 76/81 MP: 5/8
  7647 | D:7      | Noticed Pikel
  7679 | D:7      | Killed Pikel
  7679 | D:7      | Reached skill level 1 in Armour
  7679 | D:7      | Reached skill level 1 in Earth Magic
  7679 | D:7      | Reached skill level 1 in Evocations
  8364 | D:7      | Found a bloodstained altar of Trog.
  8759 | D:8      | Reached **** piety under Okawaru
  8895 | D:9      | Noticed a two-headed ogre
  8904 | D:8      | Killed a two-headed ogre
  8904 | D:8      | Reached XP level 10. HP: 53/91 MP: 8/11
  9177 | D:9      | Noticed a two-headed ogre
  9183 | D:9      | Killed a two-headed ogre
  9183 | D:9      | Reached ***** piety under Okawaru
  9183 | D:9      | Received a gift from Okawaru
  9183 | D:9      | Reached skill level 5 in Dodging
  9322 | D:9      | Found a staircase to the Lair.
  9504 | D:9      | Found Riyczumiqi's Quality Used Wands.
  9702 | D:9      | Noticed a two-headed ogre
  9710 | D:9      | Killed a two-headed ogre
  9710 | D:9      | Reached skill level 1 in Invocations
  9710 | D:9      | Reached skill level 5 in Evocations
  9947 | D:9      | Found a staircase to the Orcish Mines.
 10228 | D:9      | Reached skill level 5 in Armour
 10270 | D:9      | Found a burning altar of Makhleb.
 10455 | D:9      | Reached skill level 5 in Earth Magic
 10593 | D:10     | Entered Level 10 of the Dungeon
 10623 | D:10     | Noticed a two-headed ogre
 10631 | D:10     | Killed a two-headed ogre
 10923 | D:10     | Reached XP level 11. HP: 97/99 MP: 13/13
 11018 | D:10     | Found Ycesaes's Armour Emporium.
 11148 | D:10     | Killed an unseen horror
 11148 | D:10     | Received a gift from Okawaru
 11794 | D:11     | Found Ruetziwn's Magic Scroll Emporium.
 11818 | D:11     | Bought a scroll of identify for 30 gold pieces
 11818 | D:11     | Bought a scroll of identify for 30 gold pieces
 11818 | D:11     | Bought a scroll of identify for 30 gold pieces
 12005 | D:11     | Noticed a white ugly thing
 12006 | D:11     | Noticed Snorg
 12380 | D:11     | Noticed a two-headed ogre
 12388 | D:11     | Killed a two-headed ogre
 12728 | Lair:1   | Entered Level 1 of the Lair of Beasts
 12784 | Orc:1    | Entered Level 1 of the Orcish Mines
 12809 | D:9      | Reached skill level 10 in Fighting
 13954 | Lair:1   | Got a smoking leather armour
 13965 | Lair:1   | Identified the +1 leather armour of Suoss {+Fly rElec rCorr Str-2 Stlth+} (You found it on level 1 of the Lair of Beasts)
 14074 | Lair:1   | Reached skill level 1 in Shields
 14499 | Lair:1   | Noticed Sonja
 14505 | Lair:1   | Cast into level 1 of the Abyss (Sonja)
 14559 | Abyss:1  | Gained mutation: You are occasionally teleported next to monsters. [a neqoxec]
 14560 | Abyss:1  | Gained mutation: Armour fits poorly on your strangely shaped body. [a neqoxec]
 14563 | Abyss:1  | Gained mutation: You are sometimes teleported next to monsters. [a neqoxec]
 14564 | Abyss:1  | Gained mutation: You can translocate small distances at will. [a neqoxec]
 14889 | Abyss:1  | Noticed a large abomination
 14904 | Abyss:1  | Noticed a thrashing horror
 14909 | Abyss:1  | Killed from afar by a smoke demon

Skill      XL: |  1  2  3  4  5  6  7  8  9 10 11 |
---------------+----------------------------------+-----
Staves         | 4 5 6 7 8 10 12 | 12.0
Fighting       | 3 4 5 6 8 9 10 | 10.2
Armour         | 3 5 6 |  6.5
Earth Magic    | 3 5 6 |  6.0
Evocations     | 3 5 6 |  6.5
Dodging        | 4 5 6 |  6.9
Invocations    | 3 4 |  4.8
Shields        | 1 |  1.4
Throwing       | |  2.0

Action                   |  1- 3 |  4- 6 |  7- 9 | 10-12 || total
-------------------------+-------+-------+-------+-------++-------
Melee: Quarterstaff      |    65 |   161 |   239 |   296 ||   761
       Headbutt          |    11 |    20 |    45 |    91 ||   167
       Staff             |       |       |       |   109 ||   109
Invok: Heroism           |       |       |     6 |    15 ||    21
       Finesse           |       |       |       |     3 ||     3
 Abil: Blink             |       |       |       |     1 ||     1
Evoke: Wand              |       |       |     7 |     4 ||    11
  Use: Scroll            |     2 |     6 |     2 |     9 ||    19
       Potion            |       |     1 |     5 |    10 ||    16
 Stab: Distracted        |       |       |     1 |       ||     1
  Eat: Chunk             |     1 |     7 |     9 |     9 ||    26
       Fruit             |       |     3 |     2 |       ||     5
       Royal jelly       |       |       |     2 |       ||     2
       Bread ration      |       |       |       |     3 ||     3
Armor: Leather armour    |    12 |    20 |       |       ||    32
       Chain mail        |       |    38 |    72 |       ||   110
       Plate armour      |       |       |    14 |   205 ||   219
Dodge: Dodged            |    33 |    71 |    68 |   133 ||   305
Block: Shield            |       |       |       |    35 ||    35
